 Dungeon Crawl Stone Soup version 0.32-a0-938-g40ac7a0f4d (webtiles) character file.

Game seed: 1795160708046195890

432002 jasper the Skinwalker (level 22, -6/257 HPs)
             Began as a Mountain Dwarf Fighter on Apr 15, 2024.
             Was an Elder of Makhleb.
             Mangled by a fire giant
             ... wielding a +2 great sword of flaming
              (12 damage)
             ... on level 2 of the Depths.
             The game lasted 01:25:31 (42620 turns).

jasper the Skinwalker (Mountain Dwarf Fighter)     Turns: 42620, Time: 01:25:32

Health: -6/257     AC: 42    Str: 38    XL:     22   Next: 54%
Magic:  28/28      EV: 13    Int: 10    God:    Makhleb [****..]
Gold:   2465       SH: 18    Dex: 10    Spells: 18/21 levels left

rFire   + . .        f - +8 broad axe (spect)
rCold   + . .        q - +6 kite shield of Burnt Intercession {Rampage rF+ Str+5 Int-3}
rNeg    + + .        j - melded +8 orange crystal plate armour {Archmagi, Int+3 Clar}
rPois   ∞            o - +2 helmet {SInv}
rElec   +            c - +2 cloak "Raenubitz" {Will+++ Dex-3}
rCorr   +            b - melded +2 pair of gloves of Negligence {Regen+ Dex+3}
SInv    +            u - melded +0 pair of boots
Will    +++++        t - amulet of Erghubub {Faith +Blink rN+ Regen+ Dex+2}
Stlth   ++           n - ring of resist corrosion
HPRegen 0.00/turn    w - ring "Juchirif" {rC+ Str+6 Int+3 Stlth+}
MPRegen 0.21/turn

%: rampage, faith
@: statue-form, inhibited regen, hasted
A: slow and powerful, torment resistance 1, boosted hp, runic magic, artefact
enchanting, inhibited regeneration, MP-powered wands
}: 3/15 runes: decaying, abyssal, gossamer
a: Begin Untransformation, Renounce Religion, Evoke Blink, Minor Destruction,
Lesser Servant of Makhleb, Major Destruction


You were on level 2 of the Depths.
You worshipped Makhleb.
Makhleb was greatly pleased with you.
You were a living statue of rough stone.
You visited 9 branches of the dungeon, and saw 40 of its levels.
You visited the Abyss 1 time.
You also visited: Sewer and Gauntlet.

You collected 3856 gold pieces.
You spent 1391 gold pieces at shops.

Inventory:

Hand Weapons
 f - a +8 spectral broad axe (weapon)
 J - a +0 broad axe
Missiles
 k - 9 silver javelins
 l - 38 javelins
 s - 5 throwing nets
 I - 11 boomerangs (quivered)
 W - 14 curare-tipped darts
Armour
 b - the +2 pair of gloves of Negligence (melded) {Regen+ Dex+3}
   (You found it in a Gauntlet)

   Dex+3:     It affects your dexterity (+3).
   Regen+:    It increases your rate of health regeneration.
 c - the +2 cloak "Raenubitz" (worn) {Will+++ Dex-3}
   (You found it in a Gauntlet)

   Dex-3:     It affects your dexterity (-3).
   Will+++:   It greatly increases your willpower.
 j - the +8 orange crystal plate armour (melded) {Archmagi, Int+3 Clar}
   (Okawaru gifted it to you on level 5 of the Lair of Beasts)

   Int+3:     It affects your intelligence (+3).
   Clar:      It protects you from confusion, rage, mesmerisation and fear.
 o - a +2 helmet of see invisible (worn)
 q - the +6 kite shield of Burnt Intercession (worn) {Rampage rF+ Str+5 Int-3}
   (You acquired it on level 1 of the Swamp)

   Str+5:     It affects your strength (+5).
   Int-3:     It affects your intelligence (-3).
   rF+:       It protects you from fire.
   Rampage:   It bestows one free step when moving towards enemies.
 u - a +0 pair of boots (melded)
Jewellery
 n - a ring of resist corrosion (left fist)
 t - the amulet of Erghubub (around neck) {Faith +Blink rN+ Regen+ Dex+2}
   (You found it on level 2 of the Dungeon)

   [amulet of faith]

   Faith:     It allows you to gain divine favour quickly.
   Dex+2:     It affects your dexterity (+2).
   rN+:       It protects you from negative energy.
   +Blink:    It lets you blink.
   Regen+:    It increases your rate of health regeneration.
 v - a ring of protection from cold
 w - the ring "Juchirif" (right fist) {rC+ Str+6 Int+3 Stlth+}
   (You found it on level 1 of the Depths)

   [ring of strength]

   Str+6:     It affects your strength (+6).
   Int+3:     It affects your intelligence (+3).
   rC+:       It protects you from cold.
   Stlth+:    It makes you more stealthy.
 y - the ring of Jeom {rElec rPois rF+ Stlth+}
   (You took it off a minotaur in a Gauntlet)

   [ring of protection from fire]

   rF+:       It protects you from fire.
   rElec:     It insulates you from electricity.
   rPois:     It protects you from poison.
   Stlth+:    It makes you more stealthy.
 P - a ring of positive energy
 Q - a ring of protection from fire
Talismans
 O - a granite talisman (active)
 S - a talisman of death
Wands
 d - a wand of flame (181)
 C - a wand of warping (67)
 D - a wand of polymorph (4)
 G - a wand of acid (34)
 H - a wand of mindburst (17)
 M - a wand of charming (54)
 X - a wand of digging (19)
Scrolls
 m - 8 scrolls of poison
 r - 4 scrolls of vulnerability
 A - a scroll of revelation
 E - 4 scrolls of fear
 K - 10 scrolls of teleportation
 L - 9 scrolls of fog
 T - 16 scrolls of identify
 V - 8 scrolls of immolation
 Y - 7 scrolls of noise
Potions
 a - 7 potions of ambrosia
 e - a potion of magic
 g - 6 potions of curing
 h - 6 potions of lignification
 i - 5 potions of attraction
 p - 9 potions of mutation
 x - 6 potions of resistance
 z - 7 potions of enlightenment
 B - 6 potions of might
 N - 2 potions of haste
 R - 3 potions of berserk rage
 U - 5 potions of invisibility
 Z - 2 potions of cancellation
Miscellaneous
 F - a lightning rod (inert)


   Skills:
 + Level 16.7 Fighting
 - Level 18.0 Axes
 - Level 6.0 Throwing
 - Level 10.0 Armour
 - Level 10.0 Dodging
 - Level 14.2 Shields
 - Level 8.0 Invocations
 - Level 5.0 Evocations
 - Level 23.1 Shapeshifting


You had 18 spell levels left.
You knew the following spells:

 Your Spells              Type           Power      Damage    Failure   Level
a - Apportation           Tloc           0%         N/A       45%         1
b - Blink                 Tloc           0%         N/A       58%         2

Your spell library contained the following spells:

 Spells                   Type           Power      Damage    Failure   Level
 Freeze                   Ice            0%         1d3       45%         1
 Magic Dart               Conj           0%         1d3       45%         1
 Call Imp                 Summ           0%         N/A       58%         2
 Jinxbite                 Hex            0%         N/A       58%         2
 Momentum Strike          Conj/Tloc      0%         3d8       58%         2
 Dazzling Flash           Conj/Hex       0%         N/A       83%         3
 Frozen Ramparts          Ice            0%         1d1       83%         3
 Fugue of the Fallen      Necr           0%         N/A       83%         3
 Hailstorm                Conj/Ice       0%         3d5       83%         3
 Inner Flame              Hex/Fire       0%         N/A       83%         3
 Ozocubu's Armour         Ice            0%         N/A       83%         3
 Passwall                 Erth           0%         N/A       83%         3
 Stone Arrow              Conj/Erth      0%         3d7       83%         3
 Summon Ice Beast         Ice/Summ       0%         N/A       83%         3
 Teleport Other           Tloc           0%         N/A       83%         3
 Tukima's Dance           Hex            0%         N/A       83%         3
 Vampiric Draining        Necr           0%         2d6       83%         3
 Volatile Blastmotes      Fire/Tloc      0%         2d10      83%         3
 Animate Dead             Necr           0%         N/A       99%         4
 Brom's Barrelling Bould  Conj/Erth      0%         2d3       99%         4
 Dimensional Bullseye     Hex/Tloc       0%         N/A       99%         4
 Flame Wave               Conj/Fire      0%         2d4       99%         4
 Fulminant Prism          Conj/Alch      0%         3d5       99%         4
 Iskenderun's Mystic Bla Conj/Tloc 0%             2d3        (+2d1     99%         4
 Leda's Liquefaction      Alch/Erth      0%         N/A       99%         4
 Passage of Golubria      Tloc           0%         N/A       99%         4
 Petrify                  Alch/Erth      0%         N/A       99%         4
 Sticky Flame             Fire/Alch      0%         2d4       99%         4
 Vhi's Electric Charge    Tloc/Air       0%         N/A       99%         4
 Alistair's Intoxication  Alch           0%         N/A       100%        5
 Arcjolt                  Conj/Air       0%         1d10      100%        5
 Borgnjor's Vile Clutch   Necr/Erth      0%         N/A       100%        5
 Irradiate                Conj/Alch      0%         3d11      100%        5
 Lee's Rapid Deconstruct  Erth           0%         3d4*      100%        5
 Metabolic Englaciation   Hex/Ice        0%         N/A       100%        5
 Silence                  Hex/Air        0%         N/A       100%        5
 Summon Forest            Summ/Tloc      0%         N/A       100%        5
 Yara's Violent Unravell  Hex/Alch       0%         3d3       100%        5
 Bombard                  Conj/Erth      0%         9d1       100%        6
 Death Channel            Necr           0%         N/A       100%        6
 Dispersal                Tloc           0%         N/A       100%        6
 Eringya's Noxious Bog    Alch           0%         4d6       100%        6
 Gell's Gavotte           Tloc           0%         2d(11-16) 100%        6
 Permafrost Eruption      Ice/Erth       0%         2x4d1     100%        6
 Sculpt Simulacrum        Ice/Alch       0%         N/A       100%        6
 Starburst                Conj/Fire      0%         6d3       100%        6
 Enfeeble                 Hex            0%         N/A       100%        7
 Haunt                    Necr/Summ      0%         N/A       100%        7
 Manifold Assault         Tloc           0%         N/A       100%        7
 Ozocubu's Refrigeration  Ice            0%         4d7       100%        7
 Ignition                 Fire           0%         3d3       100%        8
 Lehudib's Crystal Spear  Conj/Erth      0%         10d2      100%        8
 Maxwell's Capacitive Co  Air            0%         ∞         100%        8
 Polar Vortex             Ice            0%         N/A       100%        9
 Sublimation of Blood     Necr           Unusable   N/A       N/A         2

Dungeon Overview and Level Annotations

Branches:
Dungeon (15/15)            Temple (1/1) D:5            Lair (5/5) D:11
  Swamp (4/4) Lair:3       Spider (4/4) Lair:3        Slime (0/5) Lair:5
    Orc (2/2) D:10            Elf (3/3) Orc:2        Vaults (4/5) D:13
  Crypt (0/3) Vaults:3     Depths (2/4) D:15          Sewer (visited)
Gauntlet (visited)

Altars:
Ashenzari
Cheibriados
Dithmenos
Elyvilon
Fedhas
Gozag
Hepliaklqana
Kikubaaqudgha
Makhleb
Nemelex Xobeh
Okawaru
Qazlal
Ru
Sif Muna
Trog
Uskayaw
Vehumet
Wu Jian
Xom
Yredelemnul
Zin
The Shining One
Beogh
Jiyva

Shops:
D:3 [   D:6 ::   D:8 [=   D:9 =*   D:14 ?   Orc:2 ?!:(   Elf:1 *   Vaults:1 :
Vaults:2 :   Depths:1 *

Portals:
Hell: Depths:1
Pandemonium: Depths:1 Depths:2

Annotations:
D:3 2 transporters, nobo's ghost, amateur MDRe
D:7 exclusion: door
D:10 exclusion: statue
D:15 4 transporters
Lair:1 1 transporter
Elf:2 3 runed translucent doors
Elf:3 exclusion: door
Vaults:4 2 transporters, Jesaaggu's ghost, adept MiNe
Depths:2 Asterion


Innate Abilities, Weirdness & Mutations

You are a living statue of rough stone.
Your actions are slow, but your melee attacks are powerful.
You are resistant to unholy torment.
Your maximum health is greatly increased.
Your equipment is partially melded.
You are immune to poison.
Your spellcasting is much less encumbered by armour.
You can use scrolls of enchantment on lesser artefacts.
You do not regenerate when monsters are visible.
You expend magic power (3 MP) to strengthen your wands.


Message History

The fire giant hits you with a +2 great sword of flaming!
* * * LOW HITPOINT WARNING * * *
The fire giant burns you.
* * * LOW HITPOINT WARNING * * *
You block the fire giant's attack.
The fire giant hits you with a +2 great sword of flaming!
* * * LOW HITPOINT WARNING * * *
The fire giant casts a spell at you. The bolt of fire hits you! You resist.
* * * LOW HITPOINT WARNING * * *
You hear a deafening roar!
You take 56 damage, and have 24/257 hp.
MASSIVE DAMAGE!!
Okay, then.
Okay, then.
Okay, then.
Unknown command.
You barely miss the fire giant.
The fire giant is moderately wounded.
You hit the fire giant but do no damage.
Your +8 spectral broad axe hits the fire giant.
You feel yourself speed up.
The guardian serpent changes into a steelbarb worm!
The fire giant casts a spell at you. The bolt of fire misses you.
The fire giant hits you with a +2 great sword of flaming.
* * * LOW HITPOINT WARNING * * *
The fire giant burns you.
* * * LOW HITPOINT WARNING * * *
You take 4 damage, and have 20/257 hp.
You feel yourself speed up.
Your +8 spectral broad axe disappears.
The steelbarb worm changes into a moth of wrath!
The fire giant barely misses you.
The fire giant hits you with a +2 great sword of flaming!
* * * LOW HITPOINT WARNING * * *
The fire giant burns you.
* * * LOW HITPOINT WARNING * * *
The brown ugly thing basks in the mutagenic energy from its kin and changes!
The fire giant hits you with a +2 great sword of flaming!
You die...

# ##.........##
#.........##
####.......####
#..........##
########....#
#....# #..$)#
#)..†#...
#IC.......
#C########


#uu #HyD #bC.. #....# #R...# ...... You could see Asterion (fast), a caustic
shrike, a purple very ugly thing, 2 fire giants, an ice dragon, a purple ugly
thing, an ettin, a rakshasa and a moth of wrath shaped shifter.

Vanquished Creatures
  A juggernaut (Depths:2)
  Sojobo (Depths:1)
  Nikola (Spider:2)
  Norris (Elf:1)
  3 bone dragons
  Jorgrun (Swamp:1)
  Rupert (D:14)
  A lich (Depths:1)
  Mlioglotl (Spider:1)
  2 titans (Depths:1)
  3 sphinxes
  2 deep elf master archers
  2 thorn hunters (Swamp:4)
  3 tengu reavers (Depths:1)
  Kirke (D:13)
  5 fire giants
  A fenstrider witch (Swamp:1)
  5 emperor scorpions
  5 deep elf sorcerers
  6 vault wardens
  10 frost giants
  Roxanne (Elf:3)
  5 ghost moths
  Louise (D:14)
  2 deep elf elementalists (Elf:3)
  A cacodemon (Depths:2)
  2 ghouls (Swamp:1)
  2 orc warlords (Vaults:2)
  A spriggan defender (Depths:2)
  3 formless jellyfish
  4 very ugly things
  4 ironbound thunderhulks
  18 stone giants
  17 ironbound preservers
  A broodmother (Spider:2)
  A vampire knight (Depths:1)
  5 deep elf demonologists (Elf:3)
  5 deep elf death magi
  4 eleionomae
  4 deep elf annihilators (Elf:3)
  12 dire elephants
  A war gargoyle (Vaults:2)
  4 bunyips
  2 minotaurs
  2 white draconians
  Azrael (Spider:2)
  6 spark wasps
  Snorg (Lair:5)
  3 shambling mangroves
  2 ettins
  A merfolk javelineer (Depths:1)
  3 fire dragons
  A crystal guardian (Vaults:1)
  A blizzard demon (Depths:2)
  11 yaktaur captains
  5 entropy weavers
  A deep elf high priest (Elf:3)
  4 great orbs of eyes
  A hell beast (Gauntlet)
  6 vault guards
  A rakshasa (Depths:1)
  2 peacekeepers
  17 hydras
  9 centaur warriors
  4 radroaches
  4 ogre magi
  3 spriggan air magi
  9 alligators
  7 ironbound frosthearts
  A catoblepas (Lair:3)
  2 ice dragons (Depths:1)
  19 dancing weapons
  A ghost crab (Swamp:3)
  12 boulder beetles
  2 tengu warriors (Depths:1)
  2 deep troll shamans (Depths:1)
  15 two-headed ogres
  A two-headed ogre (shapeshifter) (Depths:2)
  4 deep troll earth magi
  An orc high priest (Orc:2)
  4 thrashing horrors (Abyss:4)
  5 demonic crawlers
  2 spriggan berserkers (Depths:2)
  3 spriggans
  5 hell knights (Depths:2)
  A soul eater (Depths:1)
  17 deep elf knights
  4 skysharks
  3 skeletal warriors (D:14)
  6 pharaoh ants
  2 iron trolls (Depths:1)
  A death drake (Swamp:3)
  2 sixfirhies (Depths:2)
  17 deep elf archers
  2 large abominations
  6 spatial maelstroms (Abyss:4)
  3 flayed ghosts
  3 goliath frogs
  7 spriggan druids
  10 orb spiders
  65 deep trolls
  4 sun moths
  3 glowing orange brains
  An orange crystal statue (Vaults:3)
  19 bog bodies
  7 swamp dragons
  A lindwurm (shapeshifter) (Elf:1)
  A shadow demon (Abyss:4)
  A phantasmal warrior (Vaults:4)
  4 arcanists
  9 steelbarb worms
  8 ironbound convokers
  14 lindwurms
  4 necromancers
  2 obsidian bats
  25 deep elf zephyrmancers
  4 harpies
  A harpy (shapeshifter) (Elf:1)
  6 orc knights (Vaults:2)
  4 cyclopes
  Maurice (D:7)
  21 wolf spiders
  2 will-o-the-wisps (Swamp:1)
  A human zombie (Vaults:2)
  25 ugly things
  A salamander (shapeshifter) (Elf:2)
  37 deep elf pyromancers
  2 manticores
  9 elephants
  A worldbinder (Abyss:4)
  4 kobold blastminers (Orc:1)
  A black mamba (shapeshifter) (Elf:1)
  5 moths of wrath
  6 black mambas
  A smoke demon (Depths:1)
  8 vault sentinels
  A torpor snail (shapeshifter) (Elf:1)
  5 torpor snails
  A human skeleton (Vaults:2)
  An orange demon (D:12)
  2 gargoyles
  11 cane toads
  A hellion (Abyss:4)
  6 molten gargoyles
  3 kobold demonologists
  8 komodo dragons
  3 unseen horrors
  A freezing wraith (Vaults:4)
  3 rime drakes
  29 yaktaurs
  2 tormentors (Depths:1)
  A tengu conjurer (Depths:2)
  A red devil (Abyss:4)
  9 tyrant leeches
  6 polar bears
  6 trolls
  A wolf spider simulacrum (D:15)
  3 hornets
  32 tarantellas
  36 jumping spiders
  A jumping spider (shapeshifter) (Elf:1)
  Prince Ribbit (D:5)
  Grinder (D:6)
  3 raiju
  25 blink frogs
  A frost giant simulacrum (Vaults:2)
  A human simulacrum (Vaults:2)
  15 slime creatures
  2 air elementals (Elf:3)
  2 wyverns
  A hog (shapeshifter) (Elf:1)
  4 hogs (D:13)
  4 wraiths
  A shadow (D:13)
  A wyvern (shapeshifter) (Elf:1)
  27 yaks
  2 vampires (D:8)
  24 culicivoras
  3 basilisks
  A fire bat (D:12)
  14 water elementals
  2 ynoxinuls
  6 fire elementals
  2 humans (D:10)
  4 wargs (Orc:1)
  6 steam dragons
  19 swamp worms
  13 vampire mosquitoes
  66 redbacks
  6 spatial vortices (Abyss:4)
  2 acid dragons (D:13)
  Duvessa (D:7)
  9 water moccasins
  11 hell hounds
  10 swamp drakes
  2 ice beasts
  8 orc warriors
  5 black bears
  5 sky beasts
  25 ogres
  4 laughing skulls
  A snapping turtle skeleton (Abyss:4)
  10 centaurs
  7 wolves (Lair:1)
  A phantom (D:5)
  Blork the orc (D:4)
  A gnoll sergeant (D:4)
  2 kobold brigands
  9 bullfrogs
  A scorpion (D:6)
  A scorpion (shapeshifter) (Elf:1)
  3 earth elementals
  15 wights
  Dowan (D:7)
  6 killer bees (D:7)
  9 electric eels
  4 lava snakes (Lair:5)
  4 bombardier beetles
  4 jellies
  3 iron imps
  2 hounds
  10 orc priests
  Crazy Yiuf (D:5)
  2 gnoll boudas
  3 iguanas
  16 orc wizards
  25 gnolls
  4 river rats
  6 adders
  2 shadow imps
  2 white imps
  2 ufetubi (D:5)
  6 dart slugs
  A ribbon worm (D:3)
  55 orcs
  6 ball pythons
  5 bats
  13 endoplasms
  4 giant cockroaches
  10 hobgoblins
  7 jackals
  2 quokkas (D:5)
  2 frilled lizards
  6 goblins
  30 kobolds
  4 rats (Sewer)
1553 creatures vanquished.

Vanquished Creatures (others)
  A stone giant (Depths:1)
  2 deep elf demonologists (Elf:3)
  2 deep elf knights
  A pharaoh ant (Spider:4)
  A deep elf archer (Elf:1)
  6 bloated husks
  A spriggan (Swamp:3)
  2 swamp worms
  A crimson imp (Orc:2)
  An orc wizard (Orc:2)
  3 orcs (Orc:2)
  10 foxfires (Swamp:1)
  26 spectral weapons
57 creatures vanquished.

Grand Total: 1610 creatures vanquished

Notes
Turn   | Place    | Note
-------+----------+-------------------------------------------
     0 | D:1      | jasper the Mountain Dwarf Fighter began the quest for the
                  | Orb.
     0 | D:1      | Reached XP level 1. HP: 19/19 MP: 1/1
    87 | D:1      | Reached XP level 2. HP: 26/26 MP: 2/2
   803 | D:2      | Identified the amulet of Erghubub {Faith +Blink rN+ Regen+
                  | Dex+2}
   895 | D:2      | Reached XP level 3. HP: 31/31 MP: 3/3
   931 | D:2      | Reached skill level 5 in Axes
   983 | D:2      | Reached XP level 4. HP: 33/38 MP: 4/4
  1361 | D:2      | Got Pomaw's Encyclopedia of the Twisted Welkin
  1510 | D:3      | Found a shadowy altar of Dithmenos.
  1605 | D:3      | You fall into a shaft and drop 3 floors!
  1614 | D:6      | Found Icongi Zeab's Self-Published Books.
  1618 | D:6      | Noticed a sky beast
  1633 | D:6      | Killed a sky beast
  1634 | D:6      | Reached XP level 5. HP: 23/45 MP: 5/5
  1686 | D:6      | Reached XP level 6. HP: 37/51 MP: 6/6
  1702 | D:6      | Found an ornate altar of the Wu Jian Council.
  1746 | D:6      | Found a hide-covered altar of Uskayaw.
  1757 | D:5      | Entered Level 5 of the Dungeon
  1758 | D:5      | Noticed Prince Ribbit
  1775 | D:5      | Killed Prince Ribbit
  1776 | D:5      | Reached XP level 7. HP: 33/57 MP: 7/7
  1782 | D:5      | Found a staircase to the Ecumenical Temple.
  1793 | Temple   | Entered the Ecumenical Temple
  1835 | D:5      | Reached skill level 10 in Axes
  2124 | D:5      | Found a glowing drain.
  2130 | Sewer    | Entered a sewer
  2201 | Sewer    | Reached XP level 8. HP: 33/63 MP: 8/8
  2251 | Sewer    | Found a white marble altar of Elyvilon.
  2873 | D:4      | Identified the +2 robe of Vyasushu {*Corrode Fly Will+}
  2967 | D:3      | Found a glowing golden altar of the Shining One.
  3089 | D:3      | Found a snail-covered altar of Cheibriados.
  3143 | D:3      | Found a transporter.
  3165 | D:3      | Found a hazy altar of Hepliaklqana.
  3165 | D:3      | Found a burning altar of Makhleb.
  3171 | D:3      | Found a white marble altar of Elyvilon.
  3243 | D:3      | Found Pamomuig's Antique Armour Emporium.
  3334 | D:3      | Found a transporter.
  3335 | D:3      | Noticed nobo's ghost (amateur MDRe)
  3684 | D:4      | Noticed Blork the orc
  3693 | D:4      | Killed Blork the orc
  3739 | D:4      | Found an opulent altar of Gozag.
  4300 | D:5      | Found a runed translucent door.
  4301 | D:5      | Noticed Crazy Yiuf
  4310 | D:5      | Killed Crazy Yiuf
  4404 | D:3      | Bought a chain mail for 94 gold pieces
  4765 | D:6      | Reached XP level 9. HP: 69/69 MP: 9/9
  4873 | D:6      | Noticed Grinder
  4881 | D:6      | Killed Grinder
  4935 | D:6      | Found Izaoh's Self-Improvement Boutique.
  5265 | D:7      | Noticed Maurice
  5277 | D:7      | Something stole a +2 whip of electrocution
  5299 | D:7      | Something stole 8 javelins
  5311 | D:7      | Something stole an amulet of the acrobat
  5322 | D:7      | Killed Maurice
  5323 | D:7      | Reached skill level 15 in Axes
  5612 | D:7      | Found a bloodstained altar of Trog.
  5682 | D:7      | Reached skill level 1 in Dodging
  5921 | D:7      | Noticed Dowan
  5927 | D:7      | Noticed Duvessa
  5936 | D:7      | Killed Duvessa
  5939 | D:7      | Killed Dowan
  5940 | D:7      | Reached XP level 10. HP: 66/79 MP: 10/10
  5952 | D:7      | Found a shimmering blue altar of Sif Muna.
  6154 | D:8      | Found Wiogatz's Armour Shop.
  6159 | D:8      | Bought a +1 pair of gloves of hurling for 181 gold pieces
  6424 | D:8      | Found Voakk's Jewellery Emporium.
  6686 | D:8      | Noticed a soul eater
  6695 | D:9      | Found Zidoeric's Jewellery Boutique.
  6752 | D:9      | Reached skill level 5 in Fighting
  6752 | D:9      | Reached skill level 5 in Armour
  6752 | D:9      | Reached skill level 5 in Shields
  6753 | D:9      | Noticed a two-headed ogre
  6771 | D:9      | Killed a two-headed ogre
  6807 | D:9      | Found Zin's Purification Station.
  6814 | D:9      | Found a glowing silver altar of Zin.
  6985 | D:9      | Found a sparkling altar of Nemelex Xobeh.
  7093 | D:9      | Found a blossoming altar of Fedhas.
  7337 | D:10     | Entered Level 10 of the Dungeon
  7400 | D:10     | Reached XP level 11. HP: 79/91 MP: 11/11
  7420 | D:10     | Found a staircase to the Orcish Mines.
  8098 | D:10     | Found an iron altar of Okawaru.
  8125 | D:10     | Became a worshipper of Warmaster Okawaru
  8177 | D:10     | Found a radiant altar of Vehumet.
  8495 | D:11     | Reached skill level 1 in Invocations
  8661 | D:11     | Found a staircase to the Lair.
  8730 | D:11     | Noticed a two-headed ogre
  8738 | D:11     | Killed a two-headed ogre
  9282 | Lair:1   | Entered Level 1 of the Lair of Beasts
  9305 | Lair:1   | Reached * piety under Okawaru
  9444 | Lair:1   | Reached ** piety under Okawaru
  9648 | Lair:1   | Found a transporter.
  9671 | Lair:1   | Found a transporter.
  9986 | Lair:2   | Reached *** piety under Okawaru
 10035 | Lair:2   | Reached skill level 5 in Dodging
 10038 | Lair:2   | Reached skill level 5 in Invocations
 10080 | Lair:2   | Reached **** piety under Okawaru
 10211 | Lair:2   | Reached XP level 12. HP: 70/102 MP: 15/15
 10639 | Lair:3   | Found a gate leading to a gauntlet.
 10644 | Gauntlet | Entered a Gauntlet
 10644 | Gauntlet | Found a transporter.
 10653 | Gauntlet | Found a transporter.
 10668 | Gauntlet | Found a transporter.
 10673 | Gauntlet | Found a transporter.
 10674 | Gauntlet | Noticed a hell beast
 10690 | Gauntlet | Found a transporter.
 10708 | Gauntlet | Found a transporter.
 10720 | Gauntlet | Found a transporter.
 10728 | Gauntlet | Noticed a blizzard demon
 10732 | Gauntlet | Found a transporter.
 10740 | Gauntlet | Noticed a hell hog
 10744 | Gauntlet | Found a transporter.
 10756 | Gauntlet | Found a transporter.
 10758 | Gauntlet | Noticed a ghost crab
 10773 | Gauntlet | Found a transporter.
 10791 | Gauntlet | Found a transporter.
 10793 | Gauntlet | Found a transporter.
 10818 | Gauntlet | Found a transporter.
 10820 | Gauntlet | Found a transporter.
 10840 | Gauntlet | Found a transporter.
 10984 | Gauntlet | Found a transporter.
 10984 | Gauntlet | Found a transporter.
 10987 | Gauntlet | Identified the +1 pair of gloves of Negligence {Regen+
                  | Dex+3}
 11121 | Gauntlet | Killed a hell beast
 11124 | Gauntlet | Identified the +2 cloak "Raenubitz" {Will+++ Dex-3}
 11152 | Gauntlet | Identified the ring of Jeom {rElec rPois rF+ Stlth+}
 11152 | Gauntlet | Noticed a minotaur
 11173 | Gauntlet | Killed a minotaur
 11273 | Lair:3   | Noticed an eight-headed hydra
 11287 | Lair:3   | Killed an eight-headed hydra
 11394 | Lair:3   | Found a staircase to the Swamp.
 11478 | Lair:3   | Found a hole to the Spider Nest.
 11823 | Lair:3   | Noticed a catoblepas
 11838 | Lair:3   | Killed a catoblepas
 11876 | Lair:3   | Reached ***** piety under Okawaru
 12069 | Lair:4   | Noticed a boulder beetle
 12085 | Lair:4   | Killed a boulder beetle
 12250 | Lair:4   | Received a gift from Okawaru
 12373 | Lair:4   | Reached XP level 13. HP: 63/113 MP: 13/19
 12674 | Lair:4   | Reached skill level 10 in Shields
 12680 | Lair:4   | Reached skill level 10 in Fighting
 12680 | Lair:4   | Reached skill level 10 in Armour
 12871 | Lair:5   | Entered Level 5 of the Lair of Beasts
 12880 | Lair:4   | Reached skill level 1 in Throwing
 12906 | Lair:4   | Received a gift from Okawaru
 13264 | Lair:5   | Noticed Snorg
 13274 | Lair:5   | Killed Snorg
 13363 | Lair:5   | Found a viscous altar of Jiyva.
 13366 | Lair:5   | Found a staircase to the Slime Pits.
 13396 | Lair:5   | Received a gift from Okawaru
 13800 | Lair:5   | Reached ****** piety under Okawaru
 13826 | Lair:5   | Acquired a +0 broad axe of venom
 13826 | Lair:5   | Received a gift from Okawaru
 13827 | Lair:5   | Acquired the +8 orange crystal plate armour {Archmagi,
                  | Int+3 Clar}
 13827 | Lair:5   | Received a gift from Okawaru
 13827 | Lair:5   | Found the +8 orange crystal plate armour {Archmagi, Int+3
                  | Clar}
 13983 | Lair:5   | Received a gift from Okawaru
 14047 | Lair:5   | Found a large runed translucent door.
 14055 | Lair:5   | Found a large runed translucent door.
 14067 | Lair:5   | Noticed a fire dragon
 14078 | Lair:5   | Killed a fire dragon
 14232 | Lair:5   | Received a gift from Okawaru
 14503 | Orc:1    | Entered Level 1 of the Orcish Mines
 14503 | Orc:1    | Found Miripru's Weapon Shoppe.
 14978 | Orc:2    | Entered Level 2 of the Orcish Mines
 15056 | Orc:2    | Reached XP level 14. HP: 118/122 MP: 20/20
 15250 | Orc:2    | Found a staircase to the Elven Halls.
 15256 | Orc:2    | Received a gift from Okawaru
 15299 | Orc:2    | Reached skill level 1 in Evocations
 15314 | Orc:2    | Received a gift from Okawaru
 15350 | Orc:2    | Found Urruj's Weapon Boutique.
 15350 | Orc:2    | Found Zytys's Distillery.
 15608 | Orc:2    | Found Alirutz's Magic Scroll Shop.
 15608 | Orc:2    | Found Orimp's Book Shoppe.
 15615 | Orc:2    | Bought a potion of cancellation for 128 gold pieces
 15615 | Orc:2    | Bought a potion of enlightenment for 80 gold pieces
 15615 | Orc:2    | Bought a potion of might for 64 gold pieces
 15616 | Orc:2    | Bought a scroll of fear for 68 gold pieces
 15616 | Orc:2    | Bought a scroll of fear for 68 gold pieces
 15616 | Orc:2    | Bought a scroll of enchant weapon for 127 gold pieces
 15794 | Orc:2    | Found a roughly hewn altar of Beogh.
 15985 | D:12     | Identified the +2 robe of Evolution {Rampage rN+ Slay+2
                  | Stlth+}
 16034 | D:12     | Got Opseun's Vellum of Grim Conjuring
 16160 | D:12     | Received a gift from Okawaru
 16329 | D:12     | Found a shimmering altar of Xom.
 16341 | D:12     | Reached skill level 5 in Throwing
 17292 | D:13     | Reached skill level 5 in Evocations
 17351 | D:13     | Received a gift from Okawaru
 17804 | D:13     | Noticed Kirke
 17820 | D:13     | Killed Kirke
 17911 | D:13     | Found a gate to the Vaults.
 17931 | D:13     | Received a gift from Okawaru
 17932 | D:13     | Reached XP level 15. HP: 126/128 MP: 21/21
 18011 | D:14     | Noticed Louise
 18051 | D:14     | Killed Louise
 18253 | D:14     | Noticed Rupert
 18273 | D:14     | Killed Rupert
 18611 | D:14     | Found Iruxoega's Magic Scroll Emporium.
 18616 | D:14     | Bought a scroll of immolation for 60 gold pieces
 18616 | D:14     | Bought a scroll of immolation for 60 gold pieces
 18826 | D:15     | Entered Level 15 of the Dungeon
 18890 | D:15     | Found a transporter.
 18897 | D:15     | Received a gift from Okawaru
 18906 | D:15     | Identified the +8 flail "Starlight" {protect, rElec Will+}
 18911 | D:15     | Found a transporter.
 18913 | D:15     | Found a transporter.
 19024 | D:15     | Found a transporter.
 19151 | D:15     | Found a basalt altar of Yredelemnul.
 19296 | D:15     | Found a staircase to the Depths.
 19859 | Swamp:1  | Entered Level 1 of the Swamp
 19915 | Swamp:1  | Received a gift from Okawaru
 20074 | Swamp:1  | Reached skill level 10 in Dodging
 20093 | Swamp:1  | Noticed Jorgrun
 20106 | Swamp:1  | Reached skill level 1 in Shapeshifting
 20109 | Swamp:1  | Reached skill level 2 in Shapeshifting
 20110 | Swamp:1  | Killed Jorgrun
 20119 | Swamp:1  | Received a gift from Okawaru
 20120 | Swamp:1  | Reached skill level 3 in Shapeshifting
 20302 | Swamp:1  | Reached skill level 4 in Shapeshifting
 20540 | Swamp:1  | Reached skill level 5 in Shapeshifting
 20567 | Swamp:1  | Noticed a fenstrider witch
 20587 | Swamp:1  | Killed a fenstrider witch
 20587 | Swamp:1  | Received a gift from Okawaru
 20617 | Swamp:1  | Identified a scroll of acquirement
 20625 | Swamp:1  | Acquired the +6 kite shield of Burnt Intercession {Rampage
                  | rF+ Str+5 Int-3}
 21172 | Swamp:2  | Reached XP level 16. HP: 136/136 MP: 22/22
 21180 | Swamp:2  | Reached skill level 6 in Shapeshifting
 21676 | Swamp:2  | Reached skill level 7 in Shapeshifting
 21738 | Swamp:3  | Received a gift from Okawaru
 22360 | Swamp:4  | Entered Level 4 of the Swamp
 22376 | Swamp:4  | Reached skill level 8 in Shapeshifting
 22508 | Swamp:4  | Received a gift from Okawaru
 22708 | Swamp:4  | Reached skill level 9 in Shapeshifting
 23775 | Swamp:4  | Reached skill level 10 in Shapeshifting
 23778 | Swamp:4  | Noticed a thorn hunter
 23808 | Swamp:4  | Received a gift from Okawaru
 23841 | Swamp:4  | Killed a thorn hunter
 23905 | Swamp:4  | Noticed a thorn hunter
 23925 | Swamp:4  | Killed a thorn hunter
 23987 | Swamp:4  | Got a decaying rune of Zot
 24116 | Spider:1 | Entered Level 1 of the Spider Nest
 24129 | Spider:1 | Reached skill level 11 in Shapeshifting
 24244 | Spider:1 | Noticed Mlioglotl
 24260 | Spider:1 | Killed Mlioglotl
 24260 | Spider:1 | Received a gift from Okawaru
 24339 | Spider:1 | Reached XP level 17. HP: 142/143 MP: 23/23
 24346 | Spider:1 | Learned a level 1 spell: Apportation
 24349 | Spider:1 | Learned a level 2 spell: Blink
 24378 | Spider:1 | Reached skill level 12 in Shapeshifting
 24431 | Spider:1 | Gained mutation: You occasionally lose the ability to drink
                  | potions when taking damage. [mutagenic glow]
 24442 | Spider:1 | Gained mutation: Your magical capacity is low. (-10% MP)
                  | [mutagenic glow]
 24488 | Spider:1 | Lost mutation: You occasionally lose the ability to drink
                  | potions when taking damage. [potion of mutation]
 24488 | Spider:1 | Lost mutation: Your magical capacity is low. (-10% MP)
                  | [potion of mutation]
 24488 | Spider:1 | Gained mutation: You expend magic power (3 MP) to
                  | strengthen your wands. [potion of mutation]
 24922 | Spider:2 | Received a gift from Okawaru
 25233 | Spider:2 | Noticed Azrael
 25254 | Spider:2 | Killed Azrael
 25306 | Spider:2 | Reached skill level 13 in Shapeshifting
 25633 | Spider:2 | Noticed Nikola
 25656 | Spider:2 | Killed Nikola
 25772 | Spider:2 | Found a hide-covered altar of Uskayaw.
 25778 | Spider:2 | Received a gift from Okawaru
 25917 | Spider:3 | Identified the +0 chain mail of the Stone Wall {Int+6}
 26035 | Spider:3 | Reached skill level 14 in Shapeshifting
 26464 | Spider:3 | Received a gift from Okawaru
 27050 | Spider:4 | Entered Level 4 of the Spider Nest
 27356 | Spider:4 | Reached skill level 15 in Shapeshifting
 27898 | Spider:4 | Received a gift from Okawaru
 27944 | Spider:4 | Reached XP level 18. HP: 149/149 MP: 24/24
 28165 | Spider:4 | Identified the +1 hat "Ihiynod" {rC- rCorr Str-3 Int+4}
 28232 | Spider:4 | Reached skill level 16 in Shapeshifting
 28422 | Spider:4 | Reached XP level 19. HP: 156/156 MP: 25/25
 28451 | Spider:4 | Got a gossamer rune of Zot
 29154 | Vaults:1 | Entered Level 1 of the Vaults
 29169 | Vaults:1 | Received a gift from Okawaru
 29465 | Vaults:1 | Reached skill level 17 in Shapeshifting
 29659 | Vaults:1 | Found Wuyzung's Book Boutique.
 29752 | Vaults:1 | Identified the +9 hand axe "Muhellem" {heavy, *Rage rPois
                  | rN+ SInv}
 30136 | Vaults:1 | Identified the +1 longbow "Zyuxedgh" {flame, +Blink rF++
                  | rN+ SInv}
 30192 | Vaults:1 | Received a gift from Okawaru
 30793 | Vaults:2 | Found Maips's Book Emporium.
 30896 | Vaults:2 | Received a gift from Okawaru
 30985 | Vaults:2 | Reached skill level 18 in Shapeshifting
 31103 | Vaults:2 | Received a gift from Okawaru
 31604 | Vaults:2 | Identified the +2 leather armour "Zouf" {rElec Will++ Dex+2
                  | Slay-3}
 31653 | Vaults:2 | Reached XP level 20. HP: 133/163 MP: 20/26
 31666 | Vaults:2 | Reached skill level 19 in Shapeshifting
 32007 | Vaults:3 | Received a gift from Okawaru
 32474 | Vaults:3 | Received a gift from Okawaru
 32680 | Vaults:3 | Found a staircase to the Crypt.
 32680 | Vaults:3 | Found an ancient bone altar of Kikubaaqudgha.
 32681 | Vaults:3 | Found a basalt altar of Yredelemnul.
 33045 | Vaults:3 | Reached skill level 20 in Shapeshifting
 33399 | Vaults:4 | Identified the +5 chain mail of Teereitoun {rElec Str+6}
 33529 | Vaults:4 | Received a gift from Okawaru
 33956 | Vaults:4 | Received a gift from Okawaru
 34159 | Vaults:4 | Found a transporter.
 34164 | Vaults:4 | Found a transporter.
 34166 | Vaults:4 | Found a bloodstained altar of Trog.
 34166 | Vaults:4 | Noticed Jesaaggu's ghost (adept MiNe)
 34456 | Vaults:4 | Reached skill level 21 in Shapeshifting
 34845 | Vaults:4 | Received a gift from Okawaru
 35096 | Elf:1    | Entered Level 1 of the Elven Halls
 35340 | Elf:1    | Noticed Norris
 35354 | Elf:1    | Reached XP level 21. HP: 76/170 MP: 2/27
 35369 | Elf:1    | Killed Norris
 35373 | Abyss:3  | Cast into level 3 of the Abyss (+4 short sword of
                  | distortion)
 35392 | Abyss:3  | Found a corrupted altar of Lugonu.
 35438 | Abyss:3  | Received a gift from Okawaru
 35458 | Abyss:3  | Found a corrupted altar of Lugonu.
 35540 | Abyss:3  | Found a corrupted altar of Lugonu.
 35661 | Abyss:4  | Got an abyssal rune of Zot
 35768 | Abyss:4  | Found a corrupted altar of Lugonu.
 35769 | Abyss:4  | Found a corrupted altar of Lugonu.
 35827 | Elf:1    | Escaped the Abyss
 36053 | Elf:1    | Reached skill level 22 in Shapeshifting
 36099 | Elf:1    | Received a gift from Okawaru
 36171 | Elf:1    | Got the Treatise on the Geologist and Illusion
 36202 | Elf:1    | Found Vara's Assorted Antiques.
 36251 | Elf:1    | Bought a potion of curing for 75 gold pieces
 36251 | Elf:1    | Bought a scroll of fear for 100 gold pieces
 36251 | Elf:1    | Bought a warped sapphire amulet for 125 gold pieces
 36251 | Elf:1    | Identified the amulet "Jiamar" {^Drain ^Fragile rF+++ rC+
                  | Regen+} (You bought it in a shop on level 1 of the Elven
                  | Halls)
 37045 | Elf:2    | Received a gift from Okawaru
 37325 | Elf:2    | Found a runed translucent gate.
 37326 | Elf:2    | Found a runed translucent gate.
 37326 | Elf:2    | Found a runed translucent gate.
 37615 | D:3      | Fell from the grace of Okawaru
 37615 | D:3      | Became a worshipper of Makhleb the Destroyer
 37964 | Elf:3    | Entered Level 3 of the Elven Halls
 38016 | Elf:3    | Paralysed by an air elemental for 1 turns
 38022 | Elf:3    | Paralysed by an air elemental for 1 turns
 38167 | Orc:2    | Bought a scroll of brand weapon for 161 gold pieces
 38585 | Elf:3    | Reached skill level 23 in Shapeshifting
 38743 | Elf:3    | Reached * piety under Makhleb
 38822 | Elf:3    | Noticed Roxanne
 38849 | Elf:3    | Killed Roxanne
 39333 | Elf:3    | Identified the ring of the Imp {rC+ MP+9 Stlth+}
 39511 | Elf:3    | Identified the +7 scimitar of Victory {holy, Int+3}
 39513 | Elf:3    | Identified the +8 scale mail of Starshine {rF++ Int+4}
 39515 | Elf:3    | Reached ** piety under Makhleb
 39525 | Elf:3    | HP: 4/228 [deep elf elementalist/the +7 scimitar of Victory
                  | {holy, Int+3} (16)]
 39888 | Depths:1 | Entered Level 1 of the Depths
 39992 | Depths:1 | Reached XP level 22. HP: 133/185 MP: 28/28
 40168 | Depths:1 | Reached *** piety under Makhleb
 40308 | Depths:1 | Found a gateway to Hell.
 40641 | Depths:1 | Upgraded the game from 0.32-a0-933-ga8fa3634e4 to
                  | 0.32-a0-938-g40ac7a0f4d
 41429 | Depths:1 | Noticed Sojobo
 41431 | Depths:1 | Found Coetz's CLEARANCE SALE!.
 41436 | Depths:1 | Paralysed by an air elemental for 1 turns
 41441 | Depths:1 | Killed Sojobo
 41559 | Depths:1 | Reached skill level 15 in Fighting
 41568 | Depths:1 | Identified the ring "Juchirif" {rC+ Str+6 Int+3 Stlth+}
 41632 | Depths:1 | Found a one-way gate leading to the halls of Pandemonium.
 41964 | Depths:2 | Noticed a caustic shrike
 42266 | Depths:2 | Reached **** piety under Makhleb
 42323 | Depths:2 | Identified the +0 scale mail of Boredom {Rampage rElec rC-
                  | rN++}
 42377 | Depths:2 | Gained mutation: You do not regenerate when monsters are
                  | visible. [a cacodemon]
 42583 | Depths:2 | Noticed Asterion
 42584 | Depths:2 | Noticed a juggernaut
 42594 | Depths:2 | Killed a juggernaut
 42620 | Depths:2 | HP: 7/257 [fire giant/+2 great sword of flaming (13)]
 42620 | Depths:2 | Mangled by a fire giant

Illustrated notes

Levels and vault maps discovered:
D:1:      scummos_arrival_checkerplants, layout_loops_cross
D:2:      layout_basic, minmay_cupped
D:3:      layout_loops_ring, tso_oasis_becter, slow_altar_1,
          amcnicky_altar_gilded, gammafunk_temple_overflow_forgotten,
          gammafunk_ghost_gnarly_gnolls, serial_shops, shop, minmay_hedge_maze
D:4:      cheibrodos_fertilizer, layout_loops_ring, lemuel_crystal_altar,
          minmay_close_crescents, uniq_blork_the_orc
D:5:      layout_cave_pools, minmay_temple_entry_drinking_statues,
          gup_sewer_entry_bowl, chequers_arboretum, kennysheep_generic_room_4,
          uniq_crazy_yiuf_cottage, uniq_prince_ribbit1
D:6:      layout_gridville, nicolae_wu_jian_wuxing_cycle,
          mainiacjoe_overflow_24_doors, nicolae_custom_books,
          grunt_ministairs_3, nicolae_shop_self_help, uniq_grinder
D:7:      layout_gridville, led_sif_book, trog_ov_bears_minmay,
          corexii_leaking_fountain, uniq_maurice, uniq_duvessa
D:8:      layout_rooms, serial_shops, nicolae_shop_statue_plus,
          nicolae_shop_back_alley_shop, serial_library_hellmonk_metal_room
D:9:      layout_cave_pools, fedhas_altar_fruit_tree, zin_purify,
          nemelex_xobeh_ov_fountains_minmay, serial_shops,
          nicolae_shop_tiny_glass, hangedman_misty_isle
D:10:     layout_basic, okawaru_humans, vehumet_statue, david_orc_3
D:11:     layout_loops_ring, lair_entry_dummy
D:12:     layout_basic, regret_index_xom_of_box
D:13:     layout_long_grid, hellmonk_vaults_keyhole, uniq_kirke
D:14:     layout_basic, serial_shops, shop, lemuel_flamethrower_2, uniq_rupert,
          uniq_louise
D:15:     hangedman_depths_entry_try_elsewhere_first, layout_long_grid,
          lemuel_coloured_pillars_altar, small_statue_intersection,
          nicolae_diode_quadrants
Temple:   hellmonk_temple_two_chambers
Lair:1:   gammafunk_worm_tunnel, layout_hall_layers, serial_bayou_lake_a,
          serial_bayou_shore_b
Lair:2:   layout_hall_layers, grunt_megastairs_2, infiniplex_staircase_pool_2
Lair:3:   layout_cave_shapes, skrybe_swamp_entry_bodies,
          spider_nest_entry_funnel_web, gauntlet_entry_generic
Lair:4:   layout_gridlike, st_stairs_12, lemuel_fruit_fields
Lair:5:   cheibrodos_lair_end_hotspot, layout_cave_pods, slime_entry_1,
          uniq_snorg
Swamp:1:  nicolae_swamp_standing_stones, layout_basic_swamp,
          nicolae_swamp_ascending_descending_big, uniq_jorgrun
Swamp:2:  layout_falls_marsh, serial_swamp_ruin, hangedman_swamp_ruin_wall,
          evilmike_swamp_ruin_rubble_2, evilmike_swamp_ruin_house_4,
          swamp_pool_1_2
Swamp:3:  layout_basic_swamp, evilmike_swamp_ruin_house_1
Swamp:4:  swamp_basic_johnstein, layout_basic_swamp, infiniplex_staircase_pool
Spider:1: layout_spider_delve, hangedman_spider_tarantella_strand,
          uniq_mlioglotl
Spider:2: layout_spider_delve, nicolae_spider_altar_of_dancing, uniq_azrael,
          uniq_nikola
Spider:3: nicolae_spider_hilbert_zone_3 [nicolae_spider_hilbert_4_sides_2_open,
          nicolae_spider_hilbert_3_sides_1_open,
          nicolae_spider_hilbert_3_sides_1_open,
          nicolae_spider_hilbert_3_sides_1_open,
          nicolae_spider_hilbert_3_sides_1_open,
          nicolae_spider_hilbert_4_sides_1_open,
          nicolae_spider_hilbert_4_sides_1_open,
          nicolae_spider_hilbert_4_sides_1_open,
          nicolae_spider_hilbert_4_sides_1_open,
          nicolae_spider_hilbert_4_sides_1_open,
          nicolae_spider_hilbert_4_sides_1_open,
          nicolae_spider_hilbert_4_sides_1_open,
          nicolae_spider_hilbert_4_sides_1_open,
          nicolae_spider_hilbert_3_sides_1_open,
          nicolae_spider_hilbert_3_sides_1_open,
          nicolae_spider_hilbert_3_sides_1_open,
          nicolae_spider_hilbert_3_sides_1_open], nicolae_spider_shape
Spider:4: guppyfry_spider_rune
Orc:1:    layout_caves, serial_shops, shop_coins
Orc:2:    st_orc_ogre_mass, layout_diamond_mine, basic_altar,
          hangedman_minor_magic
Elf:1:    eino_elf_arrival_customs, layout_gridlike, serial_shops, shop,
          nicolae_elf_shapeshifter_party, minivault_8, uniq_norris
Elf:2:    nicolae_elf_blades_crystal_corner, layout_loops_corners
Elf:3:    minmay_elf_hall_spiked, layout_geoelf_diagonals, grunt_ministairs_1,
          uniq_roxanne
Vaults:1: vaults_standard_mumra_enter_the_diamond,
          nicolae_vaults_sesquioval_fish, nicolae_vaults_puzzle_piece,
          hangedman_vaults_stretched_pinwheel, v_misc_3,
          nicolae_vaults_storage_closets_3, nicolae_vaults_oval_intersection,
          layout_vaults_omnigrid, serial_shops, nicolae_shop_behind_doors
Vaults:2: vaults_dpeg_emergency_exit, ontoclasm_vaults_fault,
          nicolae_vaults_network_s, nicolae_vaults_sightless_eye,
          nicolae_vaults_trapezoid_layered, vaults_room_corners,
          hangedman_vaults_maws, vaults_room_door_hall, ontoclasm_vaults_bender,
          serial_ice_h, ontoclasm_vaults_ring_small,
          nicolae_vaults_whirlpool_walls, nicolae_vaults_trapezoid_lopsided_1,
          nicolae_vaults_diamond_1, nicolae_vaults_little_squares_3,
          layout_vaults_maze_snakey, serial_shops,
          nicolae_shop_tiny_real_fake_doors
Vaults:3: v_rooms_1, minmay_crypt_entry_necro_gods, nicolae_vaults_weapon_check,
          nicolae_vaults_apartment_1, nicolae_vaults_statue_guard,
          ontoclasm_vaults_claustrophobia, vaults_room_ringed_pool,
          nicolae_vaults_little_squares_1, vaults_room_door_ring,
          nicolae_vaults_house_3, v_misc_13, nicolae_vaults_more_shelving_1,
          nicolae_vaults_trapezoid_lopsided_3, layout_vaults_ring
Vaults:4: gammafunk_ghost_wrathful_warriors, hangedman_vaults_variations,
          v_pattern_4, v_misc_17, nicolae_vaults_hallways_thing,
          ontoclasm_vaults_shuriken, nicolae_vaults_trapezoid_lopsided_3,
          layout_vaults_chaotic_city
Depths:1: layout_basic, grunt_decor_mini_mirrors, rand_demon_pan_entry_7,
          hangedman_coc_ice_floe, st_stairs_2, hangedman_decor_peaks_small,
          nicolae_shop_clearance, uniq_sojobo
Depths:2: nicolae_legendary_halls, layout_cave_shapes, grunt_pan_entry_spiral,
          hell_entry, minmay_statues_item, minmay_misc_feat_plants,
          uniq_asterion

Skill      XL: |  1  2  3  4  5  6  7  8  9 10 11 12 13 14 15 16 17 18 19 20 21 22 |
---------------+-------------------------------------------------------------------+-----
Axes           | 3 4 5 7 8 9 11 14 16 17 18 | 18.0
Dodging        | 1 3 5 6 7 8 10 | 10.0
Fighting       | 4 6 8 9 10 13 16 | 16.7
Shields        | 4 6 8 9 10 12 14 | 14.2
Armour         | 4 6 8 9 10 | 10.0
Invocations    | 5 8 |  8.0
Throwing       | 3 5 6 |  6.0
Evocations     | 5 |  5.0
Shapeshifting  | 5 11 15 16 18 21 23 | 23.1

Action                     |  1- 3 |  4- 6 |  7- 9 | 10-12 | 13-15 | 16-18 | 19-21 | 22-24 || total
---------------------------+-------+-------+-------+-------+-------+-------+-------+-------++-------
  Melee: War axe           |    67 |    92 |   406 |   650 |   239 |       |       |       ||  1454
         Demon trident     |       |       |       |    28 |    83 |    93 |       |       ||   204
         Broad axe         |       |       |       |       |   977 |  1094 |  1801 |   273 ||  4145
  Throw: Stone             |     2 |       |       |     7 |     1 |       |       |       ||    10
         Boomerang         |       |       |       |       |    12 |    45 |       |     4 ||    61
         Dart              |       |       |       |       |     1 |       |       |       ||     1
 Invoke: Heroism           |       |       |       |     3 |     2 |     1 |       |       ||     6
         Finesse           |       |       |       |     5 |     5 |    10 |     7 |       ||    27
         Receive Weapon    |       |       |       |       |     1 |       |       |       ||     1
         Receive Armour    |       |       |       |       |     1 |       |       |       ||     1
Ability: Begin Untransform |       |       |       |       |       |       |     1 |       ||     1
         Siphon Essence    |       |       |       |       |       |       |     1 |       ||     1
  Evoke: Wand              |       |     1 |       |    12 |     1 |       |       |       ||    14
         Lightning rod     |       |       |       |       |     7 |       |     4 |     4 ||    15
    Use: Potion            |     1 |       |     7 |     3 |     1 |     3 |    10 |     2 ||    27
         Scroll            |       |    12 |     7 |    10 |     9 |     1 |    14 |     2 ||    55
   Stab: Distracted        |       |       |       |       |     1 |       |     4 |     7 ||    12
 Armour: Scale mail        |    46 |    74 |   200 |       |       |       |       |       ||   320
         Chain mail        |       |       |   164 |    10 |       |       |       |       ||   174
         Plate armour      |       |       |       |   594 |   205 |       |       |       ||   799
         Crystal plate arm |       |       |       |       |  1015 |  1148 |  1496 |       ||  3659
         Skin              |       |       |       |       |       |       |   149 |   238 ||   387
  Dodge: Dodged            |    36 |    38 |   137 |   164 |   266 |   328 |   421 |    94 ||  1484
  Block: Buckler           |    13 |    15 |    85 |     4 |       |       |       |       ||   117
         Kite shield       |       |       |       |   341 |   800 |  1391 |  1731 |   241 ||  4504
   Form: Death             |       |       |       |       |       |       |     2 |       ||     2
         Statue            |       |       |       |       |       |       |     1 |       ||     1

Table legend: (Time is in decaauts)
 A = Elapsed time spent in this place.
 B = Non-inter-level travel time spent in this place.
 C = Inter-level travel time spent in this place.
 D = Time resting spent in this place.
 E = Time spent auto-exploring this place.
 F = Levels seen in this place.
 G = Mean time per level.
                   A        B        C        D        E       F      G
               +--------+--------+--------+--------+--------+-----+--------+
         Total |  43409 |  38548 |   4861 |   3691 |  24610 |  44 |  986.6 |
       Dungeon |  14081 |  11845 |   2236 |    423 |   8475 |  15 |  938.7 |
        Temple |      1 |      1 |      0 |      0 |      0 |   1 |    1.0 |
          Lair |   4939 |   4342 |    597 |     76 |   3036 |   5 |  987.8 |
         Swamp |   4284 |   3998 |    286 |    770 |   2174 |   4 | 1071.0 |
   Spider Nest |   4863 |   4512 |    351 |    650 |   2641 |   4 | 1215.8 |
  Orcish Mines |   1553 |   1331 |    222 |    255 |    647 |   2 |  776.5 |
   Elven Halls |   3648 |   3168 |    480 |    415 |   1817 |   3 | 1216.0 |
        Vaults |   5523 |   5223 |    300 |    592 |   3413 |   4 | 1380.8 |
        Depths |   3123 |   2737 |    386 |    178 |   1876 |   2 | 1561.5 |
         Abyss |    379 |    379 |      0 |     81 |    136 |   2 |  189.5 |
         Sewer |    494 |    494 |      0 |    249 |    138 |   1 |  494.0 |
      Gauntlet |    516 |    516 |      0 |      0 |    255 |   1 |  516.0 |
               +--------+--------+--------+--------+--------+-----+--------+

Top non-repeatable levels by time:
Depths:1: 2359 daAuts
Spider:4: 1707 daAuts
 Swamp:4: 1619 daAuts
   Elf:3: 1563 daAuts
Vaults:4: 1463 daAuts
  Lair:5: 1430 daAuts
Vaults:3: 1414 daAuts
Vaults:1: 1396 daAuts
Spider:3: 1365 daAuts
    D:12: 1348 daAuts
    D:10: 1256 daAuts
Vaults:2: 1249 daAuts
  Lair:3: 1170 daAuts
 Swamp:1: 1122 daAuts
   Elf:1: 1105 daAuts
